 Dungeon Crawl Stone Soup version 0.23.2-30-g0e89c35649 (webtiles) character file.

Game seed: 5186115199048807795

12110 mahrnol the Grappler (level 11, -1/100 HPs)
             Began as a Troll Monk on June 13, 2019.
             Was a High Priest of Wu Jian.
             Slain by an ettin
             ... wielding a +0 dire flail
              (28 damage)
             ... on level 1 of the Orcish Mines.
             The game lasted 00:44:25 (8650 turns).

mahrnol the Grappler (Troll Monk)                   Turns: 8650, Time: 00:44:25

Health: -1/100     AC: 11    Str: 24    XL:     11   Next: 58%
Magic:  10/10      EV: 13    Int:  6    God:    Wu Jian [*****.]
Gold:   714        SH:  0    Dex: 15    Spells: 10/10 levels left

rFire    . . .     SeeInvis .     - Unarmed
rCold    . . .     Gourm    +   (no shield)
rNeg     . . .     Faith    .   O - +0 troll leather armour
rPois    .         Spirit   .   (helmet restricted)
rElec    .         Reflect  .   m - +0 cloak
rCorr    .         Harm     .   (gloves unavailable)
MR       .....                  (boots unavailable)
Stlth    +++.......             (no amulet)
HPRegen  1.06/turn              K - +2 ring of protection
MPRegen  0.12/turn              M - +3 ring of strength

@: no status effects
A: large, unfitting armour, claws 3, fast metabolism 3, gourmand, regeneration
1, shaggy fur 1, tough skin 3
a: Wall Jump, Serpent's Lash, Heavenly Storm, Renounce Religion


You were on level 1 of the Orcish Mines.
You worshipped Wu Jian.
Wu Jian was extremely pleased with you.
You were completely stuffed.

You visited 3 branches of the dungeon, and saw 14 of its levels.
You also visited: Ossuary.

You collected 714 gold pieces.

Inventory:

Hand Weapons
 B - a +4 mace
 E - a +4 hand axe
 F - a +2 spear of freezing
 N - a +2 vampiric war axe
 Q - a +3 scimitar of flaming
Missiles
 j - 57 poisoned needles
 u - a throwing net (quivered)
Armour
 m - a +0 cloak (worn)
 O - a +0 troll leather armour (worn)
 R - a +2 robe of magic resistance
Jewellery
 a - an uncursed ring of protection from fire
 t - an uncursed ring of flight
 K - a +2 ring of protection (left claw)
 M - a +3 ring of strength (right claw)
Wands
 n - a wand of polymorph (4)
 q - a wand of flame (56)
 s - a wand of enslavement (16)
 w - a wand of digging (3)
 x - a wand of acid (19)
 H - a wand of clouds (4)
 I - a wand of scattershot (5)
 S - a wand of paralysis (10)
Scrolls
 c - 10 scrolls of identify
 d - 2 scrolls of enchant weapon
 g - 3 scrolls of amnesia
 i - 2 scrolls of fog {unknown}
 p - 6 scrolls of remove curse {unknown}
 v - a scroll of silence {unknown}
 y - 8 scrolls of teleportation {unknown}
 z - a scroll of noise {unknown}
 A - a scroll of immolation
 C - 3 scrolls of fear
 D - 5 scrolls of blinking
 T - a scroll of magic mapping {unknown}
Potions
 e - 2 potions of brilliance
 f - 3 potions of agility
 h - 2 potions of curing
 k - 2 potions of flight
 l - 4 potions of cancellation
 o - a potion of invisibility {unknown}
 r - 4 potions of haste {unknown}
 G - a potion of ambrosia {unknown}
 J - a potion of mutation
 L - 3 potions of lignification
 P - 2 potions of might
Comestibles
 b - 20 rations
 U - 12 chunks of flesh


   Skills:
 + Level 4.2 Fighting
 - Level 2.9 Armour
 + Level 6.7 Dodging
 + Level 4.8 Stealth
 + Level 14.0 Unarmed Combat


You had 10 spell levels left.
You didn't know any spells.
Your spell library contained the following spells:

 Spells                   Type           Power        Failure   Level  Hunger
 Confusing Touch          Hex            #.....       50%         1    ##.....
 Confuse                  Hex            #.......     86%         3    ####...
 Gell's Gravitas          Tloc           #.........   86%         3    ####...
 Petrify                  Tmut/Erth      #.......     99%         4    #####..
 Metabolic Englaciation   Hex/Ice        #.........   100%        5    ######.
 Yara's Violent Unravell  Hex/Tmut       #.........   100%        5    ######.


Dungeon Overview and Level Annotations

Branches:
Dungeon (12/15)            Temple (1/1) D:4            Lair (0/6) D:10
    Orc (1/2) D:9

Altars:
Ashenzari
Cheibriados
Dithmenos
Elyvilon
Fedhas
Gozag
Hepliaklqana
Kikubaaqudgha
Makhleb
Nemelex Xobeh
Okawaru
Qazlal
Ru
Sif Muna
Trog
Vehumet
Wu Jian
Xom
Yredelemnul
Zin
The Shining One

Shops:
D:5 [   D:10 *

Annotations:
D:3 1 runed translucent door, Swamplord's ghost, amateur HOMo
D:7 Joseph
D:8 2 transporters, Allundros's ghost, novice OgBe
D:10 exclusion: door


Innate Abilities, Weirdness & Mutations

You are too large for most types of armour.
You have claws for hands.
Your metabolism is lightning-fast.
You like to eat raw meat.
Your natural rate of healing is unusually fast.
You are covered in fur. (AC +1)
You have extremely tough skin. (AC +3)


Message History

An ettin comes into view. It is wielding two +0 dire flails.
The ettin shouts in stereo!
You lunge at the ettin.
You mangle the ettin!!
The ettin is heavily wounded.
The ettin hits you with a +0 dire flail!
The ettin hits you with a +0 dire flail!!
You claw the ettin!
The ettin is heavily wounded.
You scratch the ettin but do no damage.
The ettin is heavily wounded.
The ettin hits you with a +0 dire flail!!
The ettin misses you.
You scratch the ettin. Your claw misses the ettin.
The ettin is heavily wounded.
You scratch the ettin.
The ettin is severely wounded.
The ettin hits you with a +0 dire flail!
* * * LOW HITPOINT WARNING * * *
The ettin hits you with a +0 dire flail!!
You die...

#.#.. ####### ...#
..$.###.....##
....###.....#.......###
#...#.. #.^##........#
#...... #............
.....# #.......#.>..
##...#####..#####....
##...C#.#.#....###....
#....@..........##...#
.....##......#.#.......#
... #.$...#.........## #
##.#.###.#.....##
###..#.........##
#.#....####....
##.#..>.###....
#......##....
#..........


You could see an ettin.

Vanquished Creatures
  Erica (D:10)
  A two-headed ogre (D:10)
  Pikel (D:5)
  A manticore (D:10)
  An ugly thing (D:11)
  A komodo dragon (D:10)
  4 trolls
  A hornet (D:11)
  Grinder (D:3)
  Prince Ribbit (D:5)
  4 hippogriffs
  Sigmund (D:6)
  A spriggan (D:8)
  9 yaks
  A wyvern (D:11)
  3 wraiths
  2 hungry ghosts (D:11)
  Grum (D:10)
  A water moccasin (D:7)
  2 orc warriors
  A black bear (D:11)
  A hornet zombie (D:10)
  6 ogres
  2 wolves (D:10)
  4 centaurs
  2 big kobolds
  Blork the orc (D:4)
  7 bullfrogs
  A water moccasin zombie (D:6)
  2 wyvern skeletons (D:11)
  A water moccasin skeleton (D:6)
  4 scorpions
  2 killer bees
  13 wights
  An electric eel (D:10)
  2 howler monkeys
  3 crimson imps
  A jelly (D:8)
  A bullfrog zombie (D:8)
  2 centaur zombies
  9 hounds
  2 orc priests
  2 orc wizards
  2 bullfrog skeletons
  Ijyb (D:4)
  4 iguanas
  10 worker ants
  A hound zombie (D:6)
  A hound skeleton (D:10)
  A worker ant zombie (D:5)
  4 gnolls (D:3)
  A howler monkey skeleton (D:6)
  6 adders
  8 shadow imps
  An ooze (D:3)
  3 adder zombies
  An adder skeleton (D:8)
  2 worms
  3 dart slugs
  2 leopard geckos
  22 orcs
  2 giant cockroaches
  7 goblins
  9 hobgoblins
  21 jackals
  15 kobolds
  5 quokkas
  4 ball pythons
  2 ball python skeletons (Ossuary)
  3 bats
  6 frilled lizards
  2 hobgoblin skeletons (Ossuary)
  2 hobgoblin zombies (Ossuary)
  A kobold zombie (Ossuary)
  4 rats
264 creatures vanquished.

Vanquished Creatures (others)
  4 plants (D:10)
4 creatures vanquished.

Grand Total: 268 creatures vanquished

Notes
Turn   | Place    | Note
-------+----------+-------------------------------------------
     0 | D:1      | mahrnol the Troll Monk began the quest for the Orb.
     0 | D:1      | Reached XP level 1. HP: 22/22 MP: 0/0
   139 | D:1      | Reached XP level 2. HP: 18/29 MP: 1/1
   293 | D:1      | Reached XP level 3. HP: 34/36 MP: 2/2
   528 | D:2      | Found a basalt altar of Yredelemnul.
   975 | D:2      | Reached skill level 4 in Unarmed Combat
   975 | D:2      | Reached XP level 4. HP: 30/44 MP: 3/3
  1103 | D:3      | Found a bloodstained altar of Trog.
  1171 | D:3      | Found a sparkling altar of Nemelex Xobeh.
  1255 | D:3      | Noticed Grinder
  1267 | D:3      | Killed Grinder
  1267 | D:3      | Reached skill level 5 in Unarmed Combat
  1267 | D:3      | Reached XP level 5. HP: 31/53 MP: 4/4
  1267 | D:3      | Reached XP level 6. HP: 36/61 MP: 5/5
  1379 | D:3      | Found a runed translucent door.
  1379 | D:3      | Noticed an ice beast
  1381 | D:3      | Noticed Swamplord's ghost (amateur HOMo)
  1467 | D:3      | Found a snail-covered altar of Cheibriados.
  1885 | D:4      | Noticed Blork the orc
  1921 | D:4      | Reached skill level 6 in Unarmed Combat
  1930 | D:4      | Killed Blork the orc
  1930 | D:4      | Reached XP level 7. HP: 37/67 MP: 6/6
  2059 | D:4      | Found a staircase to the Ecumenical Temple.
  2094 | Temple   | Entered the Ecumenical Temple
  2181 | Temple   | Became a worshipper of the Wu Jian Council
  2181 | Temple   | Reached * piety under Wu Jian
  2181 | Temple   | Reached ** piety under Wu Jian
  2281 | D:4      | Noticed Ijyb
  2329 | D:4      | Killed Ijyb
  2574 | D:5      | Entered Level 5 of the Dungeon
  2582 | D:5      | Reached skill level 7 in Unarmed Combat
  2663 | D:5      | Noticed Prince Ribbit
  2680 | D:5      | Killed Prince Ribbit
  2836 | D:5      | Reached XP level 8. HP: 75/75 MP: 7/7
  2860 | D:5      | Noticed Pikel
  2876 | D:5      | Killed Pikel
  2876 | D:5      | Reached skill level 8 in Unarmed Combat
  2994 | D:5      | Found Saplo's Armour Boutique.
  2996 | D:5      | Found a sand-covered staircase.
  3005 | Ossuary  | Entered an ossuary
  3103 | Ossuary  | Noticed a flying skull
  3110 | Ossuary  | Noticed a flying skull
  3113 | Ossuary  | Noticed a flying skull
  3136 | Ossuary  | Noticed a flying skull
  3143 | Ossuary  | Reached skill level 9 in Unarmed Combat
  3207 | Ossuary  | Reached XP level 9. HP: 64/84 MP: 8/8
  3262 | D:5      | Reached skill level 5 in Dodging
  3346 | D:5      | Reached *** piety under Wu Jian
  3752 | D:6      | Found an iron altar of Okawaru.
  3754 | D:6      | Noticed Sigmund
  3798 | D:6      | Killed Sigmund
  3890 | D:6      | Found a radiant altar of Vehumet.
  4004 | D:6      | Reached skill level 10 in Unarmed Combat
  4180 | D:6      | Found an ancient bone altar of Kikubaaqudgha.
  4323 | D:7      | Found a shimmering altar of Xom.
  4392 | D:7      | Found a sacrificial altar of Ru.
  4456 | D:7      | Noticed Joseph
  4617 | D:7      | Reached skill level 11 in Unarmed Combat
  4676 | D:8      | Found a blossoming altar of Fedhas.
  4816 | D:8      | Found a transporter.
  4887 | D:8      | Reached **** piety under Wu Jian
  4887 | D:8      | Reached XP level 10. HP: 57/93 MP: 9/9
  5051 | D:8      | Found a transporter.
  5188 | D:8      | Noticed Allundros's ghost (novice OgBe)
  5351 | D:9      | Found a burning altar of Makhleb.
  5415 | D:9      | Found a staircase to the Orcish Mines.
  5711 | D:9      | Found a shadowy altar of Dithmenos.
  5908 | D:9      | Found a stormy altar of Qazlal.
  6239 | D:10     | Entered Level 10 of the Dungeon
  6239 | D:10     | Noticed a two-headed ogre
  6245 | D:10     | Killed a two-headed ogre
  6245 | D:10     | Reached skill level 12 in Unarmed Combat
  6332 | D:10     | Reached skill level 1 in Armour
  6462 | D:10     | Reached ***** piety under Wu Jian
  6470 | D:10     | Noticed a manticore
  6479 | D:10     | HP: 3/93 [barbs]
  6486 | D:10     | HP: 3/93 [barbs]
  6492 | D:10     | HP: 1/93 [barbs]
  6664 | D:10     | Found Gatoat's General Store.
  6670 | D:10     | Noticed Grum
  6679 | D:10     | Killed Grum
  6702 | D:10     | Found a staircase to the Lair.
  6729 | D:10     | Reached XP level 11. HP: 100/100 MP: 10/10
  6741 | D:10     | Reached skill level 13 in Unarmed Combat
  6929 | D:10     | Noticed Erica
  6934 | D:10     | Killed Erica
  7121 | D:10     | Found a shadowy altar of Dithmenos.
  7570 | D:11     | Noticed a purple ugly thing
  7589 | D:11     | Killed a purple ugly thing
  8448 | D:12     | Noticed an orc knight
  8450 | D:12     | Reached skill level 14 in Unarmed Combat
  8508 | D:12     | Noticed a two-headed ogre
  8512 | D:12     | Noticed a deep elf mage
  8605 | Orc:1    | Entered Level 1 of the Orcish Mines
  8642 | Orc:1    | Noticed an ettin
  8650 | Orc:1    | Slain by an ettin

Skill      XL: |  1  2  3  4  5  6  7  8  9 10 11 |
---------------+----------------------------------+-----
Dodging        | 3 4 5 6 |  6.7
Unarmed Combat | 4 5 6 7 9 11 12 14 | 14.0
Fighting       | 3 4 |  4.2
Stealth        | 2 3 4 |  4.8
Armour         | 1 2 |  2.9

Action                   |  1- 3 |  4- 6 |  7- 9 | 10-12 || total
-------------------------+-------+-------+-------+-------++-------
Melee: Unarmed           |    94 |    72 |   300 |   328 ||   794
       Punch             |     1 |     3 |    13 |    20 ||    37
Invok: Lunge             |       |       |    25 |    45 ||    70
       Whirlwind         |       |       |    30 |    25 ||    55
  Use: Scroll            |       |       |       |    12 ||    12
       Potion            |       |       |       |     2 ||     2
 Stab: Sleeping          |       |     3 |    19 |    16 ||    38
  Eat: Chunk             |    14 |     8 |    28 |    41 ||    91
Armor: Robe              |    53 |    14 |    68 |     8 ||   143
       Troll leather arm |       |       |       |    52 ||    52
Dodge: Dodged            |    74 |    27 |   146 |   128 ||   375
